Map: Lerilak Crest

Players

lIIlllllIIII (HuK) - Winner!

  • Race: Protoss Protoss
  • League: Grandmaster

Kelazhur

  • Race: Terran Terran
  • League: Diamond

Event: NationWars III

VOD

Have the link to the VOD?

Description

Time

  • Played on: Nov. 20, 2015, 5:17 p.m.
  • Length: 7:45

All games in this series

Show
View Real Time Build Order
Export as new Build Order

lIIlllllIIII Protoss - Winner!

Build Orders: 1 Gate Expand 

Get SALT Encoding   

  12  0:01  Probe (Chrono Boost)  
  13  0:11  Probe (Chrono Boost)  
  14  0:18  Pylon  
  14  0:22  Probe (Chrono Boost)  
  15  0:36  Probe (Chrono Boost)  
  15  0:38  Gateway  
  15  0:41  Assimilator  
  16  0:47  Probe (Chrono Boost)  
  17  0:57  Probe (Chrono Boost)  
  18  1:08  Probe (Chrono Boost)  
  20  1:18  Probe (Chrono Boost)  
  20  1:27  Nexus  
  20  1:32  Cybernetics Core  
  20  1:34  Probe (Chrono Boost)  
  20  1:39  Assimilator  
  21  1:44  Probe (Chrono Boost)  
  22  1:49  Pylon  
  22  1:56  Probe (Chrono Boost)  
  23  2:08  Adept (Chrono Boost), Warp Gate (Chrono Boost)  
  25  2:13  Mothership Core (Chrono Boost)  
  27  2:34  Probe (Chrono Boost)  
  28  2:46  Probe  
  28  2:47  Robotics Facility  
  29  2:52  Probe  
  29  2:56  Gateway  
  29  2:57  Gateway  
  29  2:58  Probe  
  30  3:04  Probe  
  32  3:16  Forge  
  32  3:17  Pylon  
  32  3:23  Gateway  
  32  3:26  Adept (Chrono Boost)  
  34  3:32  Observer (Chrono Boost)  
  35  3:52  Observer  
  31  3:57  Probe (Chrono Boost)  
  31  4:02  Probe (Chrono Boost)  
  32  4:08  Probe (Chrono Boost)  
  32  4:09  Warp Prism  
  33  4:14  Probe (Chrono Boost)  
  35  4:19  Probe (Chrono Boost)  
  36  4:25  Probe  
  36  4:27  Photon Cannon  
  36  4:29  Adept x3  
  36  4:30  Probe  
  44  4:31  Sentry  
  47  4:38  Probe  
  47  4:42  Probe  
  47  4:45  Observer  
  48  4:46  Protoss Ground Weapons Level 1  
  48  4:50  Probe  
  50  4:54  Probe  
  50  4:55  Pylon  
  51  5:02  Probe  
  52  5:12  Immortal  
  56  5:17  Probe  
  57  5:30  Adept x2  
  61  5:38  Pylon x2  
  61  5:40  Pylon  
  55  5:55  Adept x3  
  61  5:58  Adept  
  55  6:18  Probe x2  
  55  6:19  Immortal  
  55  6:22  Stalker  
  63  6:26  Gateway  
  63  6:27  Gateway, Assimilator x2  
  63  6:31  Probe  
  64  6:40  Adept x3  
  64  6:42  Probe  
  64  6:43  Probe  
  64  6:45  Gateway  
  72  6:47  Pylon  
  72  6:54  Probe  
  73  7:00  Adept x3  
  73  7:01  Adept  
  81  7:10  Probe  
Show
View Real Time Build Order
Export as new Build Order

Kelazhur Terran 

Build Orders: MMM Bio 

Get SALT Encoding   

  12  0:00  SCV  
  13  0:13  SCV  
  14  0:17  Supply Depot  
  14  0:25  SCV  
  15  0:38  SCV  
  15  0:40  Barracks  
  16  0:43  Refinery  
  16  0:49  Refinery  
  16  0:52  SCV  
  17  1:04  SCV  
  18  1:17  SCV  
  19  1:27  Ghost Academy  
  19  1:29  Orbital Command  
  19  1:34  Barracks Tech Lab  
  19  1:45  Supply Depot  
  19  2:03  Ghost  
  21  2:13  Personal Cloaking  
  21  2:17  SCV  
  22  2:29  SCV  
  23  2:34  Ghost  
  24  2:41  SCV  
  25  2:53  SCV  
  26  2:59  Supply Depot  
  26  3:03  Ghost  
  28  3:07  SCV  
  29  3:19  SCV  
  30  3:30  Command Center  
  30  3:36  Marine  
  30  3:38  SCV, Stimpack  
  32  3:51  SCV  
  33  4:01  Marine  
  30  4:05  Barracks  
  30  4:06  Barracks  
  30  4:08  SCV  
  31  4:18  Marine  
  31  4:22  Engineering Bay  
  31  4:23  SCV  
  33  4:35  SCV  
  33  4:37  Marauder  
  36  4:42  Orbital Command  
  36  4:47  SCV  
  37  4:53  Barracks Reactor, Barracks Tech Lab  
  37  4:58  Marauder  
  37  4:59  SCV  
  40  5:02  Terran Infantry Weapons Level 1  
  40  5:05  Factory  
  40  5:06  Orbital Command  
  40  5:13  Marauder  
  42  5:15  Combat Shields  
  42  5:20  Marauder  
  44  5:22  SCV  
  45  5:33  Marine x2  
  45  5:34  Marauder  
  44  5:41  Marauder  
  37  5:43  SCV x2  
  38  5:53  Marine x2  
  38  5:55  SCV x2  
  41  6:04  Marauder  
  40  6:07  SCV x2  
  40  6:08  Marauder  
  39  6:11  Marine x2  
  39  6:14  Concussive Shells  
  39  6:19  SCV x2  
  39  6:25  Factory Reactor  
  41  6:29  Starport  
  41  6:31  SCV  
  42  6:33  Marine x2  
  42  6:35  Marauder  
  42  6:37  Marauder  
  48  6:40  SCV  
  48  6:44  SCV  
  50  6:48  Supply Depot  
  50  6:51  Marine  
  50  6:52  SCV, Marine  
  53  6:59  SCV  
  53  7:03  Supply Depot  
  53  7:04  Supply Depot  
  53  7:05  SCV  
  54  7:17  SCV  
  54  7:21  Marauder, Marine x2  
Tags
 
Add a new tag
Caveats
  • Supply blocks, unpowered buildings, or Contaminate may cause inaccurate times.
  • Supply counts are checked every 10 seconds.